Map: Ice and Chrome LE

Players

goblin

  • Race: Protoss Protoss
  • League: Grandmaster
  • Spawn Location: 7:00

Van (Vanya) - Winner!

  • Race: Zerg Zerg
  • League: Master
  • Spawn Location: 1:00

Event: DreamHack SC2 Masters 2020 Fall

VOD

Have the link to the VOD?

Description

Time

  • Played on: Sept. 1, 2020, 2:48 p.m.
  • Length: 12:25

All games in this series

Show
View Real Time Build Order
Export as new Build Order

goblin Protoss 

Build Orders:  

Get SALT Encoding   

  12  0:00  Probe  
  13  0:12  Probe  
  14  0:19  Pylon  
  14  0:24  Probe (Chrono Boost)  
  15  0:38  Probe (Chrono Boost)  
  15  0:40  Gateway  
  16  0:46  Probe (Chrono Boost)  
  16  0:47  Assimilator  
  17  0:52  Probe  
  18  1:05  Probe  
  19  1:17  Probe  
  19  1:26  Zealot (Chrono Boost), Pylon  
  19  1:29  Cybernetics Core  
  21  1:33  Probe  
  21  1:38  Gateway  
  22  1:44  Zealot  
  24  2:06  Nexus  
  24  2:14  Pylon  
  24  2:20  Adept (Chrono Boost)  
  23  2:37  Probe  
  26  2:49  Pylon  
  26  2:50  Adept  
  21  3:03  Probe  
  22  3:06  Assimilator  
  22  3:12  Stargate  
  22  3:15  Probe (Chrono Boost)  
  22  3:18  Probe (Chrono Boost)  
  24  3:26  Probe (Chrono Boost)  
  26  3:27  Probe (Chrono Boost)  
  26  3:29  Gateway  
  26  3:31  Probe (Chrono Boost)  
  26  3:34  Probe  
  27  3:40  Warp Gate  
  28  3:42  Probe  
  28  3:47  Probe  
  30  3:54  Void Ray, Probe  
  31  4:02  Probe  
  36  4:07  Probe (Chrono Boost)  
  37  4:14  Probe (Chrono Boost)  
  38  4:24  Probe x2 (Chrono Boost)  
  40  4:29  Probe (Chrono Boost)  
  40  4:30  Probe (Chrono Boost)  
  42  4:32  Assimilator  
  42  4:34  Assimilator  
  44  4:41  Probe (Chrono Boost)  
  44  4:43  Void Ray (Chrono Boost)  
  44  4:44  Pylon  
  46  4:48  Probe (Chrono Boost)  
  46  4:51  Probe (Chrono Boost)  
  49  4:55  Probe (Chrono Boost), Pylon  
  49  4:56  Probe (Chrono Boost)  
  51  5:02  Stargate  
  51  5:06  Probe  
  52  5:07  Probe  
  53  5:19  Shield Battery, Probe x2  
  55  5:22  Void Ray (Chrono Boost)  
  55  5:23  Pylon  
  59  5:29  Shield Battery  
  59  5:31  Probe  
  59  5:34  Probe  
  61  5:39  Void Ray (Chrono Boost)  
  61  5:43  Probe  
  61  5:46  Pylon  
  66  5:51  Shield Battery  
  66  5:53  Sentry x2  
  70  5:57  Void Ray (Chrono Boost)  
  74  6:04  Shield Battery  
  74  6:06  Shield Battery  
  74  6:15  Shield Battery  
  74  6:16  Void Ray (Chrono Boost)  
  78  6:23  Zealot  
  80  6:32  Void Ray (Chrono Boost), Probe  
  78  6:37  Probe  
  78  6:44  Probe  
  77  6:49  Gateway, Probe  
  70  6:58  Probe  
  68  7:11  Void Ray  
  60  7:20  Probe x2  
  59  7:32  Probe  
  60  7:38  Nexus  
  60  7:47  Cybernetics Core  
  60  7:53  Pylon  
  60  8:11  Pylon  
  60  8:14  Pylon  
  59  8:29  Probe  
  48  8:41  Probe (Chrono Boost)  
  49  8:53  Probe (Chrono Boost)  
  47  8:57  Probe (Chrono Boost)  
  47  9:02  Void Ray, Probe (Chrono Boost)  
  44  9:05  Probe (Chrono Boost)  
  50  9:12  Probe (Chrono Boost)  
  50  9:15  Probe (Chrono Boost)  
  51  9:21  Probe (Chrono Boost)  
  51  9:23  Probe (Chrono Boost)  
  54  9:31  Probe (Chrono Boost)  
  55  9:39  Probe (Chrono Boost)  
  55  9:41  Probe (Chrono Boost)  
  56  9:46  Probe x2 (Chrono Boost)  
  58  9:57  Probe  
  58  9:58  Probe  
  60  10:09  Probe (Chrono Boost)  
  60  10:11  Protoss Air Weapons Level 1  
  60  10:14  Void Ray  
  61  10:19  Probe (Chrono Boost)  
  67  10:21  Probe (Chrono Boost)  
  68  10:30  Probe (Chrono Boost)  
  68  10:37  Probe  
  69  10:43  Adept  
  69  10:45  Void Ray (Chrono Boost)  
  69  10:48  Shield Battery  
  74  10:51  Shield Battery x2  
  74  10:58  Void Ray (Chrono Boost)  
Show
View Real Time Build Order
Export as new Build Order

Van Zerg - Winner!

Build Orders: Pool First 

Get SALT Encoding   

  12  0:17  Spawning Pool  
  11  0:22  Drone  
  11  0:26  Drone  
  13  0:30  Drone  
  14  0:39  Overlord  
  14  1:04  Zergling x4  
  16  1:05  Zergling x2  
  17  1:15  Zergling x2  
  17  1:17  Hatchery  
  17  1:27  Zergling x2  
  17  1:32  Queen  
  20  1:37  Zergling x2  
  21  1:48  Overlord  
  21  2:02  Drone  
  22  2:09  Queen  
  22  2:12  Drone  
  25  2:20  Drone  
  26  2:28  Extractor  
  26  2:29  Drone  
  26  2:31  Drone, Queen  
  28  2:41  Drone x3  
  31  2:47  Drone x2  
  31  2:54  Drone  
  31  3:03  Drone  
  32  3:15  Hatchery  
  31  3:20  Overlord  
  31  3:22  Drone  
  31  3:25  Drone  
  33  3:29  Metabolic Boost  
  33  3:33  Drone  
  34  3:35  Drone  
  34  3:40  Drone x2  
  37  3:46  Drone x2  
  37  3:48  Drone  
  40  3:50  Drone  
  40  3:54  Overlord  
  41  3:56  Drone  
  42  4:05  Roach Warren  
  42  4:08  Drone x2, Extractor  
  42  4:10  Drone  
  42  4:16  Overlord  
  43  4:24  Overlord  
  43  4:33  Queen  
  43  4:34  Queen  
  47  4:44  Roach x6  
  59  4:46  Roach  
  59  4:51  Overlord  
  61  4:56  Zergling x6  
  61  4:57  Zergling x2  
  65  5:04  Overlord  
  66  5:14  Zergling x14  
  66  5:20  Overlord  
  72  5:24  Zergling x6  
  72  5:29  Zergling x2  
  72  5:31  Ravager x3  
  72  5:35  Ravager  
  77  5:37  Zergling x6  
  80  5:48  Zergling x6  
  83  5:50  Ravager  
  83  5:56  Zergling x4  
  82  6:05  Ravager  
  80  6:12  Zergling x8  
  80  6:14  Queen x2  
  82  6:27  Zergling x10  
  84  6:33  Zergling x2  
  77  6:44  Zergling x6  
  80  6:48  Zergling x4  
  80  6:49  Queen  
  80  6:50  Queen  
  80  6:51  Lair  
  80  6:53  Zergling x2  
  87  6:58  Drone  
  85  7:07  Zergling x6  
  86  7:15  Zergling x4  
  62  7:24  Spore Crawler  
  62  7:25  Queen, Spore Crawler  
  62  7:28  Zergling x16  
  68  7:32  Queen  
  68  7:34  Spore Crawler  
  62  7:41  Drone x2  
  62  7:42  Drone x3  
  67  7:47  Spore Crawler  
  67  7:51  Queen  
  66  7:55  Hydralisk Den  
  67  8:00  Drone  
  67  8:01  Drone x5  
  73  8:19  Overlord  
  66  8:31  Spore Crawler x2  
  66  8:33  Hydralisk x8  
  69  8:42  Queen  
  69  8:43  Extractor x2  
  59  8:48  Hydralisk  
  59  8:49  Hydralisk  
  59  8:52  Hydralisk  
  63  9:03  Drone x4  
  67  9:15  Drone x3  
  70  9:23  Drone x2  
  69  9:27  Muscular Augments  
  69  9:32  Hydralisk  
  69  9:33  Zergling x4  
  73  9:42  Overlord  
  73  9:47  Drone x3  
  73  9:50  Hydralisk x3  
  73  9:51  Zergling x2  
  82  9:56  Overlord  
  82  10:00  Overlord  
  82  10:02  Hydralisk  
  82  10:03  Hydralisk  
  82  10:04  Zergling x4  
  88  10:11  Overlord  
  87  10:16  Hydralisk  
  87  10:17  Hydralisk  
  87  10:19  Zergling x8  
  95  10:23  Overseer  
  95  10:30  Hydralisk  
  95  10:31  Zergling x10  
  102  10:38  Hydralisk  
  102  10:39  Overlord  
  102  10:42  Hydralisk  
  103  10:43  Zergling x2  
  106  10:54  Hydralisk x2  
  109  10:58  Hydralisk  
  109  10:59  Zergling x8  
  109  11:03  Hydralisk, Zergling x2  
  115  11:07  Hydralisk  
  117  11:16  Hydralisk  
  114  11:20  Zergling x12  
  114  11:23  Hydralisk  

Tags
 
Add a new tag
Caveats
  • Supply blocks, unpowered buildings, or Contaminate may cause inaccurate times.
  • Supply counts are checked every 10 seconds.